 Dungeon Crawl Stone Soup version 0.29-a0-468-ge57f7f99b4 (webtiles) character file.

Game seed: 16861443250450705562

97 timneilson the Shield-Bearer (level 4, -5/28 HPs)
             Began as a Gargoyle Fighter on May 21, 2022.
             Slain by an ogre
             ... wielding a +0 giant club
              (21 damage)
             ... on level 3 of the Dungeon.
             The game lasted 00:04:04 (2533 turns).

timneilson the Shield-Bearer (Gargoyle Fighter)     Turns: 2533, Time: 00:04:04

Health: -5/28      AC: 10    Str: 22    XL:     4   Next: 68%
Magic:  4/4        EV:  9    Int:  8    God:
Gold:   113        SH:  5    Dex:  9    Spells: 3/3 levels left

rFire   . . .      SeeInvis .   a - +0 long sword
rCold   . . .      Faith    .   c - +1 buckler
rNeg    + . .      Spirit   .   b - +0 scale mail
rPois   ∞          Reflect  .   (no helmet)
rElec   +          Harm     .   (no cloak)
rCorr   .          Rampage  .   (no gloves)
Will    .....                   (no boots)
Stlth   ..........              (no amulet)
HPRegen 0.09/turn               (no ring)
MPRegen 0.09/turn               (no ring)

@: mighty, studying Long Blades
A: sickness immunity, AC +3, negative energy resistance 1, electricity
resistance, torment resistance 1, petrification resistance
a: no special abilities


You were on level 3 of the Dungeon.
You visited 1 branch of the dungeon, and saw 3 of its levels.

You collected 113 gold pieces.

Inventory:

Hand Weapons
 a - a +0 long sword (weapon)
Armour
 b - a +0 scale mail (worn)
 c - a +1 buckler (worn)
Wands
 l - a wand of iceblast (7)
Scrolls
 e - a scroll of poison {unknown}
Potions
 f - a potion of haste {unknown}
 g - 2 potions of attraction {unknown}
 h - 2 potions of berserk rage {unknown}
 i - a potion of mutation {unknown}
 j - 2 potions of degeneration {unknown}
 k - a potion of heal wounds {unknown}


   Skills:
 + Level 3.6 Fighting
 * Level 3.2 Long Blades
 * Level 4.0 Armour
 + Level 0.8 Dodging
 * Level 4.0 Shields
 + Level 0.0 Evocations


You had 3 spell levels left.
You didn't know any spells.
Your spell library was empty.

Dungeon Overview and Level Annotations

Branches:
Dungeon (3/15)

Altars:

Shops:
D:3 :

Annotations:
D:1 1 transporter


Innate Abilities, Weirdness & Mutations

You are immune to sickness and miasma.
Your stone body is resilient. (AC +3)
You are immune to poison.
You resist negative energy. (rN+)
You are resistant to electric shocks. (rElec)
You are resistant to unholy torment.
You are immune to petrification.


Message History

You kill the ufetubus!
You hit the rat but do no damage. The rat bites you but does no damage.
You closely miss the rat. The rat bites you but does no damage.
You barely miss the rat. You block the rat's attack.
The rat closely misses you.
You barely miss the rat. The rat bites you.
You hit the rat.
You kill the rat!
You hit the giant cockroach.
The giant cockroach is heavily wounded.
You block the giant cockroach's attack.
The giant cockroach bites you but does no damage.
You slash the giant cockroach!
You kill the giant cockroach!
You see here a giant cockroach corpse.
Found an escape hatch in the ceiling.
An endoplasm comes into view.
The endoplasm quivers.
An ogre comes into view. It is wielding a +0 giant club.
Found a trident.
The ogre shouts!
An orc comes into view. It is wielding a +0 club.
You feel very mighty all of a sudden.
You slash the endoplasm!
You kill the endoplasm!
You barely miss the ogre. The ogre hits you with a +0 giant club.
You barely miss the ogre. The ogre hits you with a +0 giant club.
You hit the ogre.
The ogre is moderately wounded.
The ogre barely misses you.
You hit the ogre.
The ogre is moderately wounded.
The ogre hits you with a +0 giant club.
You hit the ogre.
The ogre is moderately wounded.
You slash the ogre!
The ogre is almost dead.
The ogre hits you with a +0 giant club!!
Ouch! That really hurt!
You die...

##.## ##....)..## ##.##
#...####.........####...########
.......'..<......+..............
#...####.........####.<.########
#...## #...O...# ##..# .....##
#.....# ##.# ......#####...# #.#
...)..#......##########.#
......#.###...oO@....##.#
....<##.# #...######.##.#
#...###.###...##### #.# ##.##
#.#.........# #.# #.#......##..
#.# #.#.#...## #.####.#.#.......
#..†........##### ###########.#


You could see an ogre and an orc.

Vanquished Creatures
  Terence (D:2)
  2 adders (D:2)
  An ufetubus (D:3)
  A worm (D:3)
  2 dart slugs (D:2)
  7 ball pythons
  3 bats
  3 endoplasms
  2 giant cockroaches
  8 goblins
  3 hobgoblins
  A quokka (D:2)
  2 frilled lizards
  3 kobolds
  3 rats
42 creatures vanquished.

Notes
Turn   | Place    | Note
-------+----------+-------------------------------------------
     0 | D:1      | timneilson the Gargoyle Fighter began the quest for the
                  | Orb.
     0 | D:1      | Reached XP level 1. HP: 14/14 MP: 1/1
   708 | D:1      | Reached XP level 2. HP: 18/19 MP: 2/2
   918 | D:1      | Identified a scroll of acquirement
   918 | D:1      | Acquired a manual of Long Blades
  1137 | D:2      | Found a faded altar of an unknown god.
  1142 | D:2      | Reached XP level 3. HP: 19/23 MP: 3/3
  1455 | D:2      | Reached XP level 4. HP: 21/28 MP: 4/4
  1549 | D:2      | Noticed Terence
  1569 | D:2      | Killed Terence
  1572 | D:2      | HP: 1/28 [constriction (1)]
  2099 | D:3      | Found Zagil's Book Boutique.
  2518 | D:3      | Noticed an ogre
  2533 | D:3      | Slain by an ogre

Illustrated notes

Levels and vault maps discovered:
D:1:      spicycebolla_arrival_transporter_tutorial, layout_basic
D:2:      layout_basic, hellmonk_ecumenical_altar_run_dry, uniq_terence
D:3:      layout_loops_corners, serial_shops, shop, minmay_starry_boxes

Skill      XL: |  1  2  3  4 |
---------------+-------------+-----
Long Blades    | 2 3 |  3.2
Armour         | 4 |  4.0
Shields        | 4 |  4.0
Fighting       | |  3.6
Dodging        | |  0.8

Action                   |  1- 3 |  4- 6 || total
-------------------------+-------+-------++-------
Melee: Long sword        |   116 |    66 ||   182
  Use: Scroll            |     1 |     2 ||     3
       Potion            |       |     1 ||     1
Armor: Scale mail        |    68 |    19 ||    87
Dodge: Dodged            |    58 |    27 ||    85
Block: Buckler           |    30 |    12 ||    42

Table legend: (Time is in decaauts)
 A = Elapsed time spent in this place.
 B = Non-inter-level travel time spent in this place.
 C = Inter-level travel time spent in this place.
 D = Time resting spent in this place.
 E = Time spent auto-exploring this place.
 F = Levels seen in this place.
 G = Mean time per level.
                   A        B        C        D        E       F      G
               +--------+--------+--------+--------+--------+-----+--------+
         Total |   2591 |   2558 |     33 |    287 |   1818 |   3 |  863.7 |
       Dungeon |   2591 |   2558 |     33 |    287 |   1818 |   3 |  863.7 |
               +--------+--------+--------+--------+--------+-----+--------+

Top non-repeatable levels by time:
     D:1: 1205 daAuts
     D:2: 925 daAuts
     D:3: 459 daAuts
